 Dungeon Crawl Stone Soup version 0.30-a0-1116-gebefce21f7 (webtiles) character file.

Game seed: 13087260114663570285

3523 qeuew the Fighter (level 9, -1/74 HPs)
             Began as a Demonspawn Chaos Knight on Apr 21, 2023.
             Was a Plaything of Xom.
             Killed by divine providence
             ... invoked by an orc priest
              (17 damage)
             ... on level 7 of the Dungeon.
             The game lasted 00:09:15 (6162 turns).

qeuew the Fighter (Demonspawn Chaos Knight)         Turns: 6162, Time: 00:09:16

Health: -1/74      AC:  8    Str: 16    XL:     9   Next: 81%
Magic:  9/9        EV: 13    Int: 13    God:    Xom [...*..]
Gold:   478        SH:  0    Dex: 14    Spells: 8/8 levels left

rFire   . . .      SeeInvis .    f - +7 mace of Variability {chaos, chaos arc}
rCold   . . .      Faith    .    (shield currently unavailable)
rNeg    . . .      Spirit   .    b - +3 leather armour
rPois   .          Reflect  .    (helmet restricted)
rElec   .          Rampage  .    (no cloak)
rCorr   .                        (no gloves)
Will    +....                    (no boots)
Stlth   +                        (no amulet)
HPRegen 0.32/turn                (no ring)
MPRegen 0.11/turn                (no ring)

@: mighty
A: antennae 2, yellow scales 2, powered by pain 1, spiny 1, deformed body, high
MP 1, strong-willed 1, sense surroundings 1, MP-powered wands, sturdy frame 1
a: Renounce Religion


You were on level 7 of the Dungeon.
You worshipped Xom.
You were a favourite toy of Xom.
You visited 1 branch of the dungeon, and saw 7 of its levels.
You also visited: Sewer.

You collected 478 gold pieces.

Inventory:

Hand Weapons
 f - the +7 mace of Variability (weapon) {chaos, chaos arc}
   (You found it on level 3 of the Dungeon)
Missiles
 r - 5 throwing nets
Armour
 b - a +3 leather armour (worn)
Wands
 d - a wand of paralysis (11)
 g - a wand of polymorph (6)
 s - a wand of iceblast (4)
 t - a wand of light (7)
Scrolls
 i - 4 scrolls of fear
 k - 4 scrolls of teleportation
 l - a scroll of identify
 p - a scroll of magic mapping
Potions
 a - 4 potions of curing
 e - 3 potions of ambrosia
 h - 2 potions of brilliance
 j - 5 potions of flight
 m - a potion of mutation
 n - 2 potions of might
 o - a potion of haste
 q - 2 potions of heal wounds
Miscellaneous
 c - a piece from Xom's chessboard (15/15) (quivered)


   Skills:
 * Level 8.2 Fighting
 * Level 7.3 Maces & Flails
 + Level 5.1 Armour
 + Level 4.7 Dodging
 + Level 5.2 Evocations


You had 8 spell levels left.
You didn't know any spells.
Your spell library contained the following spells:

 Spells                   Type           Power      Damage    Failure   Level
 Apportation              Tloc           0%         N/A       32%         1
 Freeze                   Ice            0%         1d3       32%         1
 Scorch                   Fire           0%         2d5       43%         2
 Frozen Ramparts          Ice            0%         1d1       67%         3
 Hailstorm                Conj/Ice       0%         3d3       67%         3
 Flame Wave               Conj/Fire      0%         2d4       97%         4
 Petrify                  Tmut/Erth      0%         N/A       97%         4
 Alistair's Intoxication  Tmut/Pois      0%         N/A       100%        5
 Metabolic Englaciation   Hex/Ice        0%         N/A       100%        5
 Statue Form              Tmut/Erth      0%         N/A       100%        6
 Summon Cactus Giant      Summ           0%         N/A       100%        6


Dungeon Overview and Level Annotations

Branches:
Dungeon (7/15)             Temple (0/1) D:7           Sewer (visited)

Altars:
Xom

Shops:
D:6 *


Innate Abilities, Weirdness & Mutations

You have a pair of antennae on your head.
You are mostly covered in yellow scales. (AC +3)
You sometimes gain a little power by taking damage.
You are partially covered in sharp spines.
Armour fits poorly on your strangely shaped body.
You have an increased reservoir of magic. (+10% MP)
You are strong-willed. (Will+)
You passively map a small area around you.
You expend magic power (3 MP) to strengthen your wands.
Your movements are slightly less encumbered by armour. (ER -2)


Message History

You kill the orc wizard!
The orc priest invokes the aid of Beogh against you.
Beogh smites you!
The orc warrior hits you from afar with a +0 glaive!
You are too injured to fight recklessly!
You are too injured to fight recklessly!
You are too injured to fight recklessly!
You are too injured to fight recklessly!
You are too injured to fight recklessly!
You are too injured to fight recklessly!
You are too injured to fight recklessly!
You are too injured to fight recklessly!
You are too injured to fight recklessly!
You are too injured to fight recklessly!
You are too injured to fight recklessly!
You are too injured to fight recklessly!
You are too injured to fight recklessly!
Unknown command.
The orc priest closely misses you.
The orc warrior hits you with a +0 glaive!
Things that are here:
a +0 hand axe; an orc corpse You bludgeon the orc warrior!!
The orc warrior seems to grow stronger.
Xom is highly amused!
The orc warrior is almost dead.
The orc priest mumbles some strange prayers to Beogh against you.
Beogh smites you!
* * * LOW HITPOINT WARNING * * *
You focus on the pain.
You feel very mighty all of a sudden.
The orc warrior is struck by your spines.
The orc warrior misses you.
You bludgeon the orc warrior!!
Lightning courses through the orc warrior!!
You kill the orc warrior!
The orc priest hits you with a +0 short sword.
* * * LOW HITPOINT WARNING * * *
The orc priest mumbles some strange prayers to Beogh against you.
Beogh smites you!
You die...

.......# #...# .......#
#...# .......# ##...#
.......# ###....#
.......###......##
.................#
......≈≈≈≈≈..$...#
....≈≈≈≈≈≈≈≈≈...o#######
).≈≈≈≈≈≈≈≈≈≈≈≈≈)@).....#
)≈≈≈≈≈≈...≈≈≈≈≈≈....!..#
.≈≈≈≈≈≈.>.≈≈≈≈≈≈.......#
.≈≈≈≈≈≈...≈≈≈≈≈≈.......#
.≈≈≈≈≈≈≈≈≈~≈≈≈≈≈.###.###
..≈≈≈≈≈≈≈≈≈~≈≈≈.?# .#
....≈≈≈≈≈≈≈~≈....# *,#
......≈≈~≈≈......# ,*
.......,,,,,,,, ,* *


You could see an orc priest.

Vanquished Creatures
  Maggie (D:7)
  A steam dragon (D:6)
  Menkaure (D:7)
  A black bear (D:5)
  3 sky beasts (D:7)
  An orc warrior (D:7)
  3 ice beasts
  2 centaurs (D:6)
  A bullfrog (D:7)
  4 gnoll sergeants
  A scorpion (D:6)
  5 wights (D:6)
  A howler monkey (D:7)
  4 gnoll boudas
  2 orc priests (D:7)
  14 hounds
  A jelly (D:4)
  4 iguanas
  3 orc wizards
  A sickly merfolk siren (Sewer)
  A malarious merfolk avatar (Sewer)
  29 gnolls
  13 adders
  2 river rats
  2 shadow imps
  2 ufetubi (D:6)
  4 worms
  5 dart slugs
  22 orcs
  11 ball pythons
  7 bats
  8 endoplasms
  3 giant cockroaches
  2 goblins
  4 hobgoblins
  13 jackals
  5 quokkas
  20 frilled lizards
  8 kobolds
  26 rats
241 creatures vanquished.

Vanquished Creatures (collateral kills)
  A scorpion (D:6)
1 creature vanquished.

Vanquished Creatures (others)
  A gnoll (D:6)
  An adder (D:6)
  3 plants (D:3)
5 creatures vanquished.

Grand Total: 247 creatures vanquished

Notes
Turn   | Place    | Note
-------+----------+-------------------------------------------
     0 | D:1      | qeuew the Demonspawn Chaos Knight began the quest for the
                  | Orb.
     0 | D:1      | Reached XP level 1. HP: 18/18 MP: 1/1
    85 | D:1      | Reached skill level 1 in Dodging
    94 | D:1      | Gained mutation: You have a pair of small antennae on your
                  | head. [demonic ancestry]
    94 | D:1      | Reached XP level 2. HP: 17/24 MP: 2/2
   568 | D:1      | Gained mutation: You are partially covered in sharp spines.
                  | [demonic ancestry]
   568 | D:1      | Reached XP level 3. HP: 23/29 MP: 3/3
   849 | D:1      | Gained mutation: Armour fits poorly on your strangely
                  | shaped body. [potion of mutation]
   849 | D:1      | Gained mutation: You passively map a small area around you.
                  | [potion of mutation]
   911 | D:2      | XOM: give mutations
   911 | D:2      | Gained mutation: You expend magic power (3 MP) to
                  | strengthen your wands. [Xom's grace]
   911 | D:2      | Gained mutation: You have an increased reservoir of magic.
                  | (+10% MP) [Xom's grace]
   956 | D:2      | Found a faded altar of an unknown god.
  1602 | D:3      | Found the +7 mace of Variability {chaos, chaos arc}
  1615 | D:3      | XOM: scenery: summon butterflies
  1680 | D:3      | Reached skill level 1 in Evocations
  1755 | D:3      | Reached XP level 4. HP: 36/36 MP: 4/4
  1914 | D:3      | XOM: summons 3 hostile demons
  2200 | D:4      | XOM: scenery: create altars
  2233 | D:4      | Found a glowing drain.
  2237 | Sewer    | Entered a sewer
  2302 | Sewer    | XOM: potion effect (haste)
  2311 | Sewer    | Reached skill level 4 in Fighting
  2311 | Sewer    | Gained mutation: You are partially covered in yellow
                  | scales. (AC +2) [demonic ancestry]
  2311 | Sewer    | Reached XP level 5. HP: 34/42 MP: 5/5
  2677 | D:4      | XOM: silly message
  2779 | D:4      | Gained mutation: You have a pair of antennae on your head.
                  | [demonic ancestry]
  2779 | D:4      | Reached XP level 6. HP: 49/49 MP: 6/6
  2836 | D:4      | XOM: enchant monster (bad)
  2902 | D:4      | Identified the +10 long sword of the Solstice {flame, rN+
                  | Int+2}
  2916 | D:4      | XOM: swap monsters
  3017 | D:4      | XOM: god gift: potion of curing
  3211 | D:5      | Entered Level 5 of the Dungeon
  3487 | D:5      | Gained mutation: You sometimes gain a little power by
                  | taking damage. [demonic ancestry]
  3487 | D:5      | Reached XP level 7. HP: 55/55 MP: 7/7
  3488 | D:5      | Reached skill level 5 in Fighting
  3799 | D:5      | Reached skill level 5 in Maces & Flails
  3895 | D:5      | XOM: 1-stop teleportation journey
  4096 | D:5      | XOM: give mutations
  4096 | D:5      | Gained mutation: You are strong-willed. (Will+) [Xom's
                  | mischief]
  4096 | D:5      | Gained mutation: Your movements are slightly less
                  | encumbered by armour. (ER -2) [Xom's mischief]
  4109 | D:5      | Gained mutation: You are mostly covered in yellow scales.
                  | (AC +3) [demonic ancestry]
  4109 | D:5      | Reached XP level 8. HP: 64/64 MP: 8/8
  4144 | D:5      | XOM: confusion (+ monsters)
  4154 | D:5      | Reached skill level 6 in Fighting
  4348 | D:5      | XOM: stat loss: -1 Str (13/14)
  4472 | D:6      | XOM: chaos upgrade
  4689 | D:6      | XOM: smoke on damage
  4723 | D:6      | XOM: 3-stop teleportation journey
  4790 | D:6      | XOM: 1-stop teleportation journey
  4890 | D:6      | XOM: summons friendly shadow imp
  4930 | D:6      | XOM: polymorph shadow imp -> white imp
  5093 | D:6      | Reached skill level 7 in Fighting
  5093 | D:6      | Reached XP level 9. HP: 30/72 MP: 9/9
  5296 | D:6      | XOM: god gift: 20 gold pieces
  5395 | D:6      | XOM: cast spell 'Summon Ice Beast'
  5458 | D:6      | XOM: summons 5 hostile demons
  5644 | D:6      | Found Curusior's Mass Market.
  5704 | D:7      | Noticed Maggie
  5709 | D:7      | Killed Maggie
  5769 | D:7      | XOM: cleaving
  5773 | D:7      | XOM: cleaving
  5792 | D:7      | Noticed Menkaure
  5796 | D:7      | Killed Menkaure
  5797 | D:7      | Reached skill level 5 in Armour
  5798 | D:7      | Reached skill level 5 in Evocations
  5856 | D:7      | XOM: divination: magic mapping
  5924 | D:7      | Reached skill level 8 in Fighting
  6116 | D:7      | Found a shimmering altar of Xom.
  6144 | D:7      | Found a staircase to the Ecumenical Temple.
  6162 | D:7      | Killed from afar by an orc priest

Illustrated notes

Levels and vault maps discovered:
D:1:      ncdulo_wetmaze, layout_basic, amcnicky_mini_rare_corridor_liquid,
          minmay_misc_feat_alley, nicolae_concentric_dashed_squares_mild
D:2:      layout_loops_ring, hellmonk_ecumenical_altar_blasted
D:3:      layout_rooms, elyvilon_altar_1, minmay_lizard_king
D:4:      layout_loops_cross, gup_sewer_entry_bowl
D:5:      layout_cave_pools, serial_gnoll_camp, gnoll_camp_mini_hut,
          gnoll_camp_medium_02, gnoll_camp_mini_doghouse, gnoll_camp_huts_basic,
          gnoll_camp_mini_doghouse, chequers_serial_rivers_small_a, minivault_5,
          st_stairs_13
D:6:      layout_rooms, grunt_decor_junction, minmay_shop_mass,
          chequers_serial_rivers_large_b, lemuel_flamethrower_1
D:7:      layout_rooms, mainiacjoe_overflow_cross_hatched, temple_pool_b,
          minmay_misc_feat_rows, uniq_crazy_yiuf_cottage, uniq_menkaure,
          uniq_maggie

Skill      XL: |  1  2  3  4  5  6  7  8  9 |
---------------+----------------------------+-----
Dodging        | 1 2 3 4 |  4.7
Maces & Flails | 3 4 5 6 7 |  7.3
Armour         | 2 3 4 5 |  5.1
Evocations     | 1 2 3 4 5 |  5.2
Fighting       | 4 5 7 8 |  8.2

Action                     |  1- 3 |  4- 6 |  7- 9 || total
---------------------------+-------+-------+-------++-------
  Melee: Mace              |    92 |       |       ||    92
         Punch             |     1 |       |       ||     1
         Great mace        |     7 |   115 |   179 ||   301
    Use: Scroll            |     7 |     7 |     5 ||    19
         Potion            |     1 |     1 |     1 ||     3
   Stab: Sleeping          |     3 |     1 |       ||     4
         Paralysed         |       |       |     1 ||     1
 Armour: Leather armour    |    44 |    24 |    68 ||   136
  Dodge: Dodged            |    79 |    82 |   187 ||   348

Table legend: (Time is in decaauts)
 A = Elapsed time spent in this place.
 B = Non-inter-level travel time spent in this place.
 C = Inter-level travel time spent in this place.
 D = Time resting spent in this place.
 E = Time spent auto-exploring this place.
 F = Levels seen in this place.
 G = Mean time per level.
                   A        B        C        D        E       F      G
               +--------+--------+--------+--------+--------+-----+--------+
         Total |   6387 |   6157 |    230 |      0 |   4908 |   8 |  798.4 |
       Dungeon |   5956 |   5726 |    230 |      0 |   4655 |   7 |  850.9 |
         Sewer |    430 |    430 |      0 |      0 |    253 |   1 |  430.0 |
               +--------+--------+--------+--------+--------+-----+--------+

Top non-repeatable levels by time:
     D:5: 1292 daAuts
     D:6: 1287 daAuts
     D:1: 931 daAuts
     D:2: 699 daAuts
     D:4: 657 daAuts
     D:3: 608 daAuts
     D:7: 480 daAuts
   Sewer: 430 daAuts
